 Dungeon Crawl Stone Soup version 0.25-a0-265-g7af84ae0ac (webtiles) character file.

Game seed: 12398145096119609605, levelgen mode: classic

196 Borgoz the Skirmisher (level 5, -8/47 HPs)
             Began as a Hill Orc Fighter on Dec 7, 2019.
             Was an Initiate of Okawaru.
             Mangled by a sixfirhy (11 damage)
             ... on level 1 of the Abyss.
             The game lasted 00:03:13 (2471 turns).

Borgoz the Skirmisher (Hill Orc Fighter)            Turns: 2471, Time: 00:03:14

Health: -8/47      AC:  5    Str: 20    XL:     5   Next: 75%
Magic:  5/5        EV:  9    Int:  8    God:    Okawaru [......]
Gold:   114        SH:  9    Dex: 10    Spells: 4/4 levels left

rFire    . . .     SeeInvis .   i - +0 hand axe (vamp)
rCold    . . .     Gourm    .   c - +0 shield
rNeg     . . .     Faith    .   h - +0 ring mail
rPois    .         Spirit   .   (no helmet)
rElec    .         Reflect  .   (no cloak)
rCorr    .         Harm     .   (no gloves)
MR       .....                  (no boots)
Stlth    ..........             (no amulet)
HPRegen  0.15/turn              (no ring)
MPRegen  0.09/turn              (no ring)

@: glowing
A: no striking features
a: Renounce Religion


You were on level 1 of the Abyss.
You worshipped Okawaru.
Okawaru was noncommittal.
You were not hungry.

You visited 1 branch of the dungeon, and saw 4 of its levels.
You visited the Abyss 1 time.

You collected 114 gold pieces.

Inventory:

Hand Weapons
 a - a +0 war axe
 i - a +0 vampiric hand axe (weapon)
Armour
 c - a +0 shield (worn)
 h - a +0 ring mail (worn)
Scrolls
 b - 5 scrolls of teleportation {unknown}
 e - 7 scrolls of identify {unknown}
 j - a scroll of blinking {unknown}
 m - a scroll of amnesia {unknown}
Potions
 d - a potion of resistance {unknown}
 g - a potion of heal wounds {unknown}
 k - a potion of degeneration {unknown}
 l - 3 potions of curing {unknown}
 o - a potion of lignification {unknown}
Comestibles
 f - 9 rations
 n - a chunk of flesh


   Skills:
 + Level 4.6 Fighting
 + Level 4.1 Axes
 + Level 4.2 Armour
 + Level 1.6 Dodging
 + Level 4.2 Shields
 + Level 0.2 Invocations


You had 4 spell levels left.
You didn't know any spells.
Your spell library contained the following spells:

 Spells                   Type           Power        Failure   Level  Hunger
 Beastly Appendage        Tmut           #.....       96%         1    ##.....
 Sticks to Snakes         Tmut           #.......     99%         2    ###....
 Spider Form              Tmut/Pois      #.........   100%        3    ####...
 Ice Form                 Ice/Tmut       #.......     100%        4    #####..
 Blade Hands              Tmut           #.........   100%        5    ######.


Dungeon Overview and Level Annotations

Branches:
Dungeon (4/15)
 Temple: D:4-7

Altars:
Ashenzari
Dithmenos
Fedhas
Kikubaaqudgha
Makhleb
Okawaru


Message History

There is a corrupted altar of Lugonu here.
Found 2 atropa-tipped darts.
A four-headed hydra simulacrum comes into view.
Found 29 stones.
You feel a little less mighty now.
Found 25 bolts.
A swamp dragon skeleton comes into view.
You see here 25 bolts.
The swamp dragon skeleton barely misses you.
The swamp dragon skeleton claws you. The swamp dragon skeleton tramples you.
A starcursed mass comes into view.
A daeva comes into view.
It is wielding a +4 scimitar of holy wrath.
Found a gateway leading deeper into the Abyss.
The daeva shouts!
The daeva calls down the wrath of the Shining One upon you.
The Shining One smites you!
* * * LOW HITPOINT WARNING * * *
A sixfirhy comes into view.
The sixfirhy hits you!
You die...

### ## ..# .# # ## #.##.
###.#.# #####.#X## ##
#..#..#... ..... ..
#....##.### #.#.# .#
####..#.#..###.#.##A.###
#.Z....###..............
#.###.#.#.####.#@##....
#.##.###...# #.3........
.#.. #.### #.>.#####..
#Z#.. #.# .....# # ###
#.# .####.# # . # #..#
#.# ## # #.# ### Z# #.#
#.# # . #


You could see a starcursed mass, a daeva and a sixfirhy.

Vanquished Creatures
  An ogre (D:2)
  A jelly (D:2)
  A gnoll (D:3)
  An adder (D:2)
  A shadow imp (D:4)
  An ooze (D:1)
  2 worms (D:2)
  2 dart slugs
  3 orcs
  2 ball pythons
  A giant cockroach (D:2)
  8 goblins
  6 hobgoblins
  3 jackals (D:1)
  4 bats
  4 frilled lizards
  4 kobolds
45 creatures vanquished.

Vanquished Creatures (others)
  A small abomination (Abyss:1)
1 creature vanquished.

Grand Total: 46 creatures vanquished

Notes
Turn   | Place    | Note
-------+----------+-------------------------------------------
     0 | D:1      | Borgoz the Hill Orc Fighter began the quest for the Orb.
     0 | D:1      | Reached XP level 1. HP: 19/19 MP: 1/1
   102 | D:1      | Reached XP level 2. HP: 15/27 MP: 2/2
   405 | D:1      | Reached XP level 3. HP: 31/33 MP: 3/3
   894 | D:2      | Reached skill level 1 in Dodging
  1050 | D:2      | Noticed an ogre
  1056 | D:2      | Killed an ogre
  1056 | D:2      | Reached XP level 4. HP: 31/41 MP: 4/4
  1056 | D:2      | Reached XP level 5. HP: 36/47 MP: 5/5
  1732 | D:3      | Found an iron altar of Okawaru.
  1763 | D:3      | Became a worshipper of Warmaster Okawaru
  2168 | D:4      | Found an ancient bone altar of Kikubaaqudgha.
  2193 | D:4      | Found a burning altar of Makhleb.
  2263 | D:4      | Found a blossoming altar of Fedhas.
  2278 | D:4      | Found a shadowy altar of Dithmenos.
  2352 | D:4      | Found a shattered altar of Ashenzari.
  2375 | D:4      | Cast into level 1 of the Abyss (orc)
  2382 | Abyss:1  | Found a corrupted altar of Lugonu.
  2442 | Abyss:1  | Killed a small abomination
  2468 | Abyss:1  | Noticed a starcursed mass
  2468 | Abyss:1  | Noticed a daeva
  2471 | Abyss:1  | Noticed a sixfirhy
  2471 | Abyss:1  | Mangled by a sixfirhy

Levels and vault maps discovered:
D:1:      nzn_arrival_settlement, layout_basic
D:2:      layout_loops_ring, first_ration
D:3:      layout_basic, okawaru_altar_gauntlet_db, minmay_misc_feat_nine_boxes
D:4:      layout_loops_ring, nicolae_overflow_crystal_walls,
          grunt_dithmenos_shadows, kiku_gazebo_pond_becter,
          overflow_temple_1_default, fedhas_altar_2, grunt_ministairs_1,
          minmay_gold_behind_fungi, serial_park_tiny_2,
          kennysheep_cluttered_room, chei_slow_surprise
Abyss:1:  base: D:4, hangedman_abyss_or_decor_passed

Skill      XL: |  1  2  3  4  5 |
---------------+----------------+-----
Axes           | 3 4 |  4.1
Fighting       | 4 |  4.6
Dodging        | 1 |  1.6
Armour         | 4 |  4.2
Shields        | 4 |  4.2
Invocations    | |  0.2

Action                   |  1- 3 |  4- 6 || total
-------------------------+-------+-------++-------
Melee: War axe           |    59 |       ||    59
       Hand axe          |    33 |    73 ||   106
  Use: Potion            |     1 |     1 ||     2
  Eat: Chunk             |       |     5 ||     5
Armor: Ring mail         |    39 |    20 ||    59
Dodge: Dodged            |    36 |    31 ||    67
Block: Shield            |    52 |    56 ||   108

Table legend:
 A = Non-vault XP
 B = Vault XP
 C = Vault XP percentage of total XP
 D = Non-vault monster count
 E = Vault monster count
 F = Vault count percentage of total count
                 A         B        C        D         E       F
            +---------+---------+-------+---------+---------+-------
      Total |     244 |      37 |  13.2 |      38 |       7 |  15.6
            +---------+---------+-------+---------+---------+-------
        D:1 |      43 |       0 |   0.0 |      21 |       0 |   0.0
        D:2 |     185 |       0 |   0.0 |      10 |       0 |   0.0
        D:3 |       6 |      26 |  81.2 |       4 |       6 |  60.0
        D:4 |      10 |      11 |  52.4 |       3 |       1 |  25.0
            +---------+---------+-------+---------+---------+-------
